 Dungeon Crawl Stone Soup version 0.26-a0-854-gdc81c2f471 (webtiles) character file.

Game seed: 14198477547702228445

73 iamoutofideas the Firebug (level 4, -1/36 HPs)
             Began as a Deep Elf Fire Elementalist on Nov 23, 2020.
             Slain by an adder (2 damage)
             ... on level 3 of the Dungeon.
             The game lasted 00:02:35 (1700 turns).

iamoutofideas the Firebug (DEFE)                    Turns: 1700, Time: 00:02:35

Health: -1/36      AC:  4    Str:  5    XL:     4   Next: 8%
Magic:  11/12      EV: 13    Int: 21    God:
Gold:   44         SH:  0    Dex: 15    Spells: 7/11 levels left

rFire    . . .     SeeInvis .   (no weapon)
rCold    . . .     Faith    .   (no shield)
rNeg     . . .     Spirit   .   a - +0 robe
rPois    .         Reflect  .   (no helmet)
rElec    .         Harm     .   (no cloak)
rCorr    .         Rampage  .   k - +0 pair of gloves
MR       .....                  e - +0 pair of boots
Stlth    ..........             (no amulet)
HPRegen  0.12/turn              (no ring)
MPRegen  0.13/turn              (no ring)

@: berserking, lethally poisoned (-1 -> -2), very quick
A: no striking features
a: no special abilities


You were on level 3 of the Dungeon.
You visited 1 branch of the dungeon, and saw 4 of its levels.

You collected 44 gold pieces.

Inventory:

Armour
 a - a +0 robe (worn)
 e - a +0 pair of boots (worn)
 k - a +0 pair of gloves (worn)
Scrolls
 f - 2 scrolls of remove curse
 h - a scroll of amnesia {unknown}
 i - a scroll of enchant armour
 l - a scroll of immolation {unknown}
 m - a scroll of teleportation {unknown}
Potions
 b - a potion of might
 c - a potion of berserk rage
 j - a potion of magic
 n - a potion of curing


   Skills:
 + Level 0.1 Fighting
 + Level 2.7 Dodging
 + Level 2.6 Stealth
 * Level 4.1 Spellcasting
 + Level 2.1 Conjurations
 * Level 4.1 Fire Magic


You had 7 spell levels left.
You knew the following spells:

 Your Spells              Type           Power        Failure   Level
a - Foxfire               Conj/Fire      ###.         3%          1
b - Conjure Flame         Conj/Fire      ###.....     10%         3

Your spell library contained the following spells:

 Spells                   Type           Power        Failure   Level
 Inner Flame              Hex/Fire       ##......     16%         3
 Sticky Flame             Conj/Fire      ###.....     32%         4
 Fireball                 Conj/Fire      ###.......   65%         5


Dungeon Overview and Level Annotations

Branches:
Dungeon (4/15)
 Temple: D:4-7

Altars:
Sif Muna


Message History

* * * LOW HITPOINT WARNING * * *
A red film seems to cover your vision as you go berserk!
You feel yourself moving faster!
You feel mighty!
The water moccasin bites you but does no damage.
The adder bites you.
* * * LOW HITPOINT WARNING * * *
You are lethally poisoned!
The adder poisons you! The water moccasin misses you.
You miss the water moccasin.
The water moccasin is moderately wounded.
* * * LOW HITPOINT WARNING * * *
You feel sick. The adder bites you but does no damage.
The water moccasin bites you but does no damage.
You barely miss the water moccasin.
The water moccasin is moderately wounded.
The adder closely misses you. The water moccasin closely misses you.
You hit the water moccasin.
The water moccasin is moderately wounded.
The adder bites you.
You die...

. ...
.....##########
..[...S@S......
.....######.###
... .


You could see a water moccasin and an adder.

Vanquished Creatures
  A hound (D:4)
  A gnoll (D:1)
  A dart slug (D:2)
  2 leopard geckos (D:1)
  2 bats (D:1)
  A giant cockroach (D:2)
  4 hobgoblins
  3 jackals (D:2)
  4 frilled lizards
  2 goblins (D:1)
  3 kobolds (D:1)
  6 rats
30 creatures vanquished.

Vanquished Creatures (others)
  133 foxfires
133 creatures vanquished.

Grand Total: 163 creatures vanquished

Notes
Turn   | Place    | Note
-------+----------+-------------------------------------------
     0 | D:1      | iamoutofideas the Deep Elf Fire Elementalist began the
                  | quest for the Orb.
     0 | D:1      | Reached XP level 1. HP: 10/10 MP: 6/6
   328 | D:1      | Reached XP level 2. HP: 15/15 MP: 5/8
   859 | D:1      | Reached XP level 3. HP: 19/19 MP: 5/10
  1582 | D:2      | You fall into a shaft and drop 2 floors!
  1582 | D:4      | Found a shimmering blue altar of Sif Muna.
  1588 | D:4      | Reached XP level 4. HP: 18/24 MP: 6/12
  1662 | D:4      | Noticed an ogre
  1670 | D:4      | Learned a level 3 spell: Conjure Flame
  1673 | D:4      | Noticed a water moccasin
  1698 | D:3      | HP: 1/36 [poisoned by an adder]
  1700 | D:3      | Slain by an adder

Illustrated notes

Levels and vault maps discovered:
D:1:      erik_arrival_cave_to_civilisation [erik_arrival_cave_to_hall],
          layout_basic, minmay_misc_feat_hallway
D:2:      layout_rooms, grunt_temple_overflow_open, minmay_cupped, uniq_terence,
          uniq_robin
D:3:      layout_basic, grunt_temple_overflow_forces_of_nature,
          cheibrodos_sewer_entry_sluice, uniq_crazy_yiuf_cottage
D:4:      layout_loops_ring, overflow_temple_1_default,
          gammafunk_ghost_gnarly_gnolls, uniq_pikel

Skill      XL: |  1  2  3 |
---------------+----------+-----
Fire Magic     | 4 |  4.1
Spellcasting   | 4 |  4.1
Conjurations   | 2 |  2.1
Fighting       | |  0.1
Dodging        | |  2.7
Stealth        | |  2.6

Action                   |  1- 3 |  4- 6 || total
-------------------------+-------+-------++-------
Melee: Unarmed           |    11 |     3 ||    14
 Cast: Foxfire           |    75 |     4 ||    79
  Use: Scroll            |       |     7 ||     7
       Potion            |       |     2 ||     2
 Stab: Sleeping          |     2 |       ||     2
Armor: Robe              |     5 |     4 ||     9
Dodge: Dodged            |    15 |     8 ||    23

Table legend: (Time is in decaauts)
 A = Elapsed time spent in this place.
 B = Non-inter-level travel time spent in this place.
 C = Inter-level travel time spent in this place.
 D = Time resting spent in this place.
 E = Time spent auto-exploring this place.
 F = Levels seen in this place.
 G = Mean time per level.
                   A        B        C        D        E       F      G
               +--------+--------+--------+--------+--------+-----+--------+
         Total |   1698 |   1621 |     77 |     22 |   1311 |   4 |  424.5 |
       Dungeon |   1698 |   1621 |     77 |     22 |   1311 |   4 |  424.5 |
               +--------+--------+--------+--------+--------+-----+--------+

Top non-repeatable levels by time:
     D:1: 1368 daAuts
     D:2: 213 daAuts
     D:4: 111 daAuts
     D:3: 5 daAuts
